Map: Chain of Ascension

Players

NamroodTuo

  • Race: Zerg Zerg

Birk

  • Race: Protoss Protoss
  • Spawn Location: 11:00

VOD

Have the link to the VOD?

Description

Time

  • Played on: Dec. 26, 2022, 12:51 p.m.
  • Length: 17:06
Show
View Real Time Build Order
Export as new Build Order

NamroodTuo Zerg 

Build Orders:  

Get SALT Encoding   

  12  0:03  Infested SCV  
  13  0:23  Overlord  
  13  0:30  Infested SCV  
  14  0:42  Infested Barracks  
  14  0:51  Infested SCV  
  15  1:06  Infested SCV  
  16  1:23  Infested SCV x3  
  19  1:37  Infested SCV  
  20  1:50  Infested Marine  
  20  1:51  Infested Marine  
  22  2:00  Infested SCV  
  22  2:04  Infested Engineering Bay  
  22  2:07  Infested Refinery  
  23  2:10  Infested Refinery  
  23  2:12  Overlord  
  23  3:13  Infested SCV x3  
  23  3:16  Overlord  
  26  3:20  Infested Marine  
  26  3:22  Infested Marine  
  26  3:28  Infested Marine  
  27  3:45  Infested SCV  
  27  3:46  Infested SCV  
  33  4:03  Infested Bunker  
  33  4:18  Regenerative Plating  
  33  4:58  Infested Marine x4  
  33  4:59  Infested Marine x3  
  38  5:09  Infestation Level 1  
  37  5:23  Infested Factory  
  37  5:25  Infested SCV x2  
  39  5:37  Overlord  
  39  5:38  Overlord x2  
  39  5:59  Overlord x2  
  39  6:04  Stukov Infantry Weapons Level 1  
  39  6:12  Unknown  
  39  6:35  Infested Bunker  
  36  7:27  Infested Armory  
  36  7:28  Infestation Level 2  
  36  7:36  Infested Barracks  
  36  7:38  Infested Barracks Tech Lab  
  36  7:48  Infested Barracks  
  36  8:03  Infested Marine  
  36  8:04  Infested Marine x5  
  36  8:05  Infested Marine x6  
  36  8:06  Infested Marine  
  36  8:09  Infested Marine  
  50  8:10  Infested Marine x3  
  53  8:40  Infested Barracks  
  53  8:44  Stukov Infantry Armor Level 1  
  53  8:50  Infested Barracks  
  57  9:23  Infested Bunker  
  61  9:30  Infested Marine x2  
  61  9:31  Infested Marine  
  61  9:33  Infested Bunker  
  61  9:37  Infested Marine x3  
  61  9:38  Infested Marine x4  
  61  9:39  Infested Marine x5  
  56  11:11  Infested Command Center  
  56  11:18  Aggressive Incubation  
  44  11:25  Infestation Level 3  
  44  11:34  Stukov Infantry Weapons Level 2  
  44  12:02  Infested Missile Turret  
  44  12:24  Infested Marine x2  
  44  12:25  Infested Marine x16  
  44  12:26  Infested Marine x14  
  76  12:44  Infested Barracks  
  75  13:40  Overlord x4  
  75  13:41  Overlord  
  73  14:00  Infested SCV  
  73  14:01  Infested SCV x4  
  49  15:14  Infested SCV x3  
  49  15:15  Infested SCV  
  53  15:22  Infested Refinery  
  53  15:23  Infested Marine x7, Infested Refinery  
  53  15:24  Infested Marine x18  
  78  15:31  Overlord x2  
  78  15:32  Overlord x3  
  78  16:15  Infested Marine  
  78  16:16  Infested Marine x22  
  78  16:17  Infested Marine x21  
Show
View Real Time Build Order
Export as new Build Order

Birk Protoss 

Build Orders:  

Get SALT Encoding   

  12  0:43  Assimilator  
  12  0:46  Assimilator  
  12  1:04  Pylon  
  12  1:18  Pylon  
  12  1:22  Pylon  
  12  1:31  Pylon  
  12  1:54  Probe (Chrono Boost)  
  13  2:03  Gateway  
  13  2:08  Probe (Chrono Boost)  
  14  2:22  Probe (Chrono Boost)  
  15  2:36  Probe (Chrono Boost)  
  16  2:50  Probe (Chrono Boost)  
  17  3:05  Probe (Chrono Boost)  
  17  3:06  Supplicant x2  
  22  3:22  Probe (Chrono Boost)  
  22  3:29  Supplicant x2  
  23  3:39  Probe (Chrono Boost)  
  28  3:53  Probe (Chrono Boost)  
  28  3:57  Supplicant x2  
  33  4:07  Probe (Chrono Boost)  
  33  4:21  Probe (Chrono Boost)  
  33  4:23  Supplicant x2  
  38  4:36  Probe (Chrono Boost)  
  39  4:46  Supplicant x2  
  39  4:53  Probe (Chrono Boost)  
  45  5:10  Probe (Chrono Boost)  
  45  5:27  Probe (Chrono Boost)  
  46  5:44  Probe (Chrono Boost)  
  45  8:53  Probe (Chrono Boost)  
  46  9:05  Cybernetics Core  
  47  9:10  Probe (Chrono Boost)  
  47  9:12  Pylon  
  47  9:21  Gateway  
  47  9:25  Gateway  
  47  9:27  Forge  
  47  9:32  Supplicant x2  
  52  9:40  Probe (Chrono Boost), Pylon  
  52  9:45  Pylon  
  52  9:49  Pylon  
  52  9:51  Pylon x2  
  52  9:55  Pylon x2  
  52  9:57  Probe (Chrono Boost), Pylon x2  
  53  10:00  Supplicant x2, Pylon  
  53  10:02  Pylon  
  57  10:14  Probe (Chrono Boost)  
  50  11:25  Havoc  
  50  11:26  Havoc  
  50  11:29  Havoc  
  53  12:02  Havoc  
  53  12:03  Havoc  
  53  12:06  Havoc  
  52  12:39  Havoc  
  51  12:40  Havoc  
  51  12:43  Havoc  
  47  13:16  Havoc x2  
  49  13:20  Havoc  
  50  13:53  Havoc x2  
  50  13:57  Havoc  
Tags
 
Add a new tag
Caveats
  • Supply blocks, unpowered buildings, or Contaminate may cause inaccurate times.
  • Supply counts are checked every 10 seconds.